 Dungeon Sprint DCSS version 0.19.4-8-ga85b6b9 (webtiles) character file.

2200000 protoss039 the Wrestler (level 15, -56/145 HPs)
             Began as a Ghoul Gladiator on Feb 13, 2017.
             Was a Believer of Makhleb.
             Annihilated by a meat berserker
             ... wielding a +9 battleaxe
              (68 damage)
             ... in the Dungeon (Sprint VIII: "Arena of Blood").
             The game lasted 00:00:42 (22 turns).

protoss039 the Wrestler (Ghoul Gladiator)             Turns: 22, Time: 00:00:42

Health: -56/145    AC:  4    Str: 26    XL:     15   Next: 95%
Magic:  14/14      EV: 23    Int:  3    God:    Makhleb [**....]
Gold:   0          SH:  0    Dex:  9    Spells: 0 memorised, 14 levels left

rFire  . . .     SeeInvis .     k - +∞ Axe of Woe
rCold  + . .     Gourm    .     a - +0 leather armour
rNeg   + + +     Faith    .     (shield currently unavailable)
rPois  ∞         Spirit   .     b - +0 helmet
rElec  .         Reflect  .     (no cloak)
rCorr  .         Harm     .     (no gloves)
MR     +....     NoTele   +     (no boots)
Stlth  +.........               (no amulet)
                                (no ring)
                                (no ring)

@: rotting
A: rotting body, claws 1, carnivore 3, cold resistance 1, negative energy
resistance 3, slow regeneration 1, torment resistance, unbreathing
a: Minor Destruction, Renounce Religion


You were in the Dungeon.
You worshipped Makhleb.
Makhleb was pleased with you.
You were not hungry.

You visited 1 branch

Inventory:

Hand Weapons
 k - the +∞ Axe of Woe (weapon)
   (You found it in the Dungeon)
Missiles
 c - 3 throwing nets (quivered)
Armour
 a - a +0 leather armour (worn)
 b - a +0 helmet (worn)
Scrolls
 j - a scroll of blinking
Potions
 e - a potion of curing
 f - a potion of heal wounds
 g - a potion of haste
 h - 2 potions of magic
 i - a potion of berserk rage
Comestibles
 d - a meat ration


   Skills:
 + Level 16.7 Fighting
 + Level 10.8 Axes
 + Level 14.4 Throwing
 + Level 2.2 Armour
 + Level 23.5 Dodging
 + Level 26.9 Unarmed Combat


You had 14 spell levels left.
You didn't know any spells.

Dungeon Overview and Level Annotations

Branches:
Dungeon (1/1)

Altars:
Makhleb


Innate Abilities, Weirdness & Mutations

Your body is rotting away.
You thrive on raw meat.
You are immune to poison.
You have sharp fingernails.
You are carnivorous and can eat meat at any time.
Your flesh is cold resistant. (rC+)
You are immune to negative energy. (rN+++)
You regenerate slowly when monsters are visible.
You are immune to unholy pain and torment.
You can survive without breathing.


Message History

Increase (S)trength, (I)ntelligence, or (D)exterity?
You feel stronger. x2
You slash the meat berserker!
You slaughter the meat berserker joyfully.
You kill the meat berserker!
Makhleb accepts your kill.
You can now harness Makhleb's destructive might.
Your Fighting skill increases to level 16!
Your Axes skill gained 2 levels and is now at level 10!
Your Throwing skill increases to level 14!
Your Armour skill increases to level 2!
Your Dodging skill gained 2 levels and is now at level 23!
Your Unarmed Combat skill increases to level 26!
You are engulfed in roaring flames.
* * * LOW HITPOINT WARNING * * *
You hear a shout! x5
The bag of meat is engulfed in roaring flames.
You hear a shout! x5
The meat berserker hits you with a +9 battleaxe!!!
You die...

#.. ..# #.. ..#
.###.. ..###.
......###......
....._..O.. .
#.....# . .o.
#_C<._# ...
.....#.§§..#.....
.....COo@O.......
......o###.......
..###.. ..###..
#.. ..# #o. .O#


Oo. ... .... .... .... ..o. You could see 2 large bags of meat, 3 meat
berserkers and 3 bags of meat.

Vanquished Creatures
  2 ogres (D)
  2 orcs (D)
  A hill giant (D)
5 creatures vanquished.

Notes
Turn   | Place    | Note
-------+----------+-------------------------------------------
     0 | D        | protoss039 the Ghoul Gladiator began the quest for the Orb.
     0 | D        | Reached XP level 1. HP: 17/17 MP: 0/0
     3 | D        | Noticed a bag of meat
     3 | D        | Became a worshipper of Makhleb the Destroyer
    10 | D        | Killed a bag of meat
    10 | D        | Reached skill level 18 in Unarmed Combat
    10 | D        | Reached XP level 2. HP: 40/40 MP: 1/1
    10 | D        | Reached XP level 3. HP: 47/47 MP: 2/2
    10 | D        | Reached XP level 4. HP: 55/55 MP: 3/3
    10 | D        | Reached XP level 5. HP: 61/61 MP: 4/4
    10 | D        | Reached XP level 6. HP: 68/68 MP: 5/5
    10 | D        | Reached XP level 7. HP: 74/74 MP: 6/6
    10 | D        | Reached XP level 8. HP: 82/82 MP: 7/7
    10 | D        | Reached XP level 9. HP: 89/89 MP: 8/8
    10 | D        | Reached XP level 10. HP: 96/96 MP: 9/9
    10 | D        | Reached XP level 11. HP: 102/102 MP: 10/10
    10 | D        | Reached XP level 12. HP: 110/110 MP: 11/11
    12 | D        | Noticed a bag of meat
    12 | D        | Noticed a bag of meat
    13 | D        | Noticed a meat berserker
    18 | D        | Killed a meat berserker
    18 | D        | Reached * piety under Makhleb
    18 | D        | Reached skill level 23 in Unarmed Combat
    18 | D        | Reached XP level 13. HP: 123/123 MP: 12/12
    18 | D        | Reached XP level 14. HP: 130/130 MP: 13/13
    19 | D        | Noticed a bag of meat
    19 | D        | Noticed a meat berserker
    19 | D        | Noticed a meat berserker
    20 | D        | Noticed a bag of meat
    20 | D        | Noticed a large bag of meat
    20 | D        | Noticed a meat berserker
    21 | D        | Noticed a large bag of meat
    21 | D        | Noticed a large bag of meat
    21 | D        | Killed a large bag of meat
    21 | D        | Reached skill level 24 in Unarmed Combat
    22 | D        | Killed a bag of meat
    22 | D        | Reached skill level 15 in Fighting
    22 | D        | Reached skill level 1 in Armour
    22 | D        | Reached skill level 25 in Unarmed Combat
    22 | D        | Reached XP level 15. HP: 52/141 MP: 14/14
    22 | D        | Killed a meat berserker
    22 | D        | Reached ** piety under Makhleb
    22 | D        | Reached skill level 10 in Axes
    22 | D        | Reached skill level 26 in Unarmed Combat
    22 | D        | Annihilated by a meat berserker

Skill      XL: |  1  2  3  4  5  6  7  8  9 10 11 12 13 14 15 |
---------------+----------------------------------------------+-----
Fighting       | 11 13 15 16 | 16.7
Axes           | 3 6 8 10 | 10.8
Throwing       | 9 12 13 14 | 14.4
Dodging        | 16 20 21 23 | 23.5
Unarmed Combat | 18 23 25 26 | 26.9
Armour         | 1 2 |  2.2

Action                   |  1- 3 |  4- 6 |  7- 9 | 10-12 | 13-15 || total
-------------------------+-------+-------+-------+-------+-------++-------
Melee: Executioner's axe |     1 |       |       |     1 |     2 ||     4
